 Dungeon Crawl Stone Soup version 0.25-a0-364-ge76b031 (webtiles) character file.

Game seed: 8904960416063813264, levelgen mode: deterministic

935 Birdy the Cleaver (level 8, -4/56 HPs)
             Began as a Formicid Gladiator on Jan 5, 2020.
             Slain by a hippogriff (5 damage)
             ... on level 6 of the Dungeon.
             The game lasted 00:12:18 (4515 turns).

Birdy the Cleaver (Formicid Gladiator)              Turns: 4515, Time: 00:12:18

Health: -4/56      AC:  5    Str: 20    XL:     8   Next: 33%
Magic:  0/8        EV: 12    Int:  7    God:
Gold:   387        SH:  0    Dex: 14    Spells: 7/7 levels left

rFire    . . .     SeeInvis +   a - +0 battleaxe
rCold    . . .     Gourm    .   (no shield)
rNeg     . . .     Faith    .   q - +2 leather armour {MR+}
rPois    .         Spirit   +   (helmet unavailable)
rElec    .         Reflect  .   (no cloak)
rCorr    .         Harm     .   (no gloves)
MR       +....                  (no boots)
Stlth    +.........             i - amulet of guardian spirit
HPRegen  0.18/turn              (no ring)
MPRegen  0.11/turn              (no ring)

@: no status effects
A: permanent stasis, dig shafts and tunnels, four strong arms, antennae 3
a: Dig, Shaft Self


You were on level 6 of the Dungeon.
You were not hungry.

You visited 2 branches of the dungeon, and saw 8 of its levels.

You collected 387 gold pieces.

Inventory:

Hand Weapons
 a - a +0 battleaxe (weapon)
 k - a +1 war axe
Missiles
 c - 3 throwing nets (quivered)
 h - 2 boomerangs
Armour
 q - a +2 leather armour of magic resistance (worn)
Jewellery
 i - an amulet of guardian spirit (around neck)
Wands
 f - a wand of flame (45)
 r - a wand of iceblast (9)
 t - a wand of polymorph (9)
Scrolls
 e - a scroll of identify
 g - 2 scrolls of remove curse
 j - a scroll of fog
 n - 4 scrolls of enchant weapon
 s - a scroll of enchant armour
Potions
 l - 2 potions of flight
 m - a potion of brilliance
Comestibles
 b - 2 chunks of flesh
 d - 13 rations


   Skills:
 - Level 2.1 Fighting
 + Level 9.5 Axes
 - Level 2.0 Throwing
 - Level 2.6 Dodging


You had 7 spell levels left.
You didn't know any spells.
Your spell library contained the following spells:

 Spells                   Type           Power        Failure   Level  Hunger
 Sandblast                Erth           #.....       50%         1    ##.....
 Passwall                 Tmut/Erth      #.......     63%         2    ###....
 Stone Arrow              Conj/Erth      #.....       86%         3    ####...
 Petrify                  Tmut/Erth      #.......     99%         4    #####..
 Lee's Rapid Deconstruct  Erth           #.........   100%        5    ######.


Dungeon Overview and Level Annotations

Branches:
Dungeon (7/15)             Temple (1/1) D:4

Altars:
Ashenzari
Cheibriados
Elyvilon
Fedhas
Gozag
Kikubaaqudgha
Nemelex Xobeh
Okawaru
Qazlal
Ru
Trog
Vehumet
Yredelemnul
Zin
The Shining One


Innate Abilities, Weirdness & Mutations

You cannot be hasted, slowed, berserked, paralysed or teleported.
You can dig through walls and to a lower floor.
Your four strong arms can wield two-handed weapons with a shield.
You have a pair of large antennae on your head. (SInv)


Message History

The hippogriff closely misses you.
The centaur unwields a +0 shortbow.
The centaur hits you. A mysterious force pulls you upwards.
The hatch slams shut behind you.
Unknown command.
You hit the hippogriff.
The hippogriff is lightly wounded.
You slash the centaur! The centaur hits you!
* * * LOW HITPOINT WARNING * * *
The hippogriff misses you.
The hippogriff pecks you but does no damage.
The hippogriff claws you.
* * * LOW HITPOINT WARNING * * *
The centaur hits you.
* * * LOW HITPOINT WARNING * * *
The hippogriff closely misses you. The hippogriff misses you. x2
You hit the centaur.
The centaur is moderately wounded.
You slash the hippogriff! The centaur closely misses you.
The hippogriff bites you.
You die... # # #.###.# #.H@c.# #######

You could see a hippogriff and a centaur.

Vanquished Creatures
  2 sky beasts
  A centaur (D:7)
  A scorpion (D:4)
  3 howler monkeys
  3 hounds
  2 orc priests
  4 orc wizards
  An iguana (D:5)
  Ijyb (D:3)
  2 worker ants
  4 adders
  A shadow imp (D:5)
  A worm (D:3)
  2 dart slugs
  4 leopard geckos
  18 orcs
  4 giant cockroaches
  5 hobgoblins
  5 jackals
  3 quokkas
  6 bats
  6 frilled lizards
  5 goblins
  8 kobolds
  A leopard gecko skeleton (D:4)
  8 rats
101 creatures vanquished.

Vanquished Creatures (others)
  A worker ant (D:7)
1 creature vanquished.

Grand Total: 102 creatures vanquished

Notes
Turn   | Place    | Note
-------+----------+-------------------------------------------
     0 | D:1      | Birdy the Formicid Gladiator began the quest for the Orb.
     0 | D:1      | Reached XP level 1. HP: 16/16 MP: 1/1
   139 | D:1      | Found a glowing golden altar of the Shining One.
   304 | D:1      | Reached XP level 2. HP: 22/22 MP: 2/2
   514 | D:1      | Reached skill level 4 in Axes
   514 | D:1      | Reached XP level 3. HP: 25/27 MP: 3/3
  1783 | D:3      | Reached skill level 5 in Axes
  1783 | D:3      | Reached XP level 4. HP: 19/33 MP: 1/4
  1892 | D:3      | Found a faded altar of an unknown god.
  2102 | D:3      | Reached XP level 5. HP: 14/38 MP: 2/5
  2188 | D:3      | Reached skill level 6 in Axes
  2487 | D:3      | Noticed Ijyb
  2501 | D:3      | Killed Ijyb
  2501 | D:3      | Reached XP level 6. HP: 43/44 MP: 6/6
  2946 | D:4      | Found a bloodstained altar of Trog.
  2993 | D:4      | Found a staircase to the Ecumenical Temple.
  3000 | Temple   | Entered the Ecumenical Temple
  3217 | D:4      | Reached skill level 7 in Axes
  3573 | D:5      | Entered Level 5 of the Dungeon
  3578 | D:5      | Reached XP level 7. HP: 40/50 MP: 4/7
  3621 | D:5      | Reached skill level 8 in Axes
  3776 | D:5      | Found a snail-covered altar of Cheibriados.
  4209 | D:5      | You fall into a shaft and drop 2 floors!
  4216 | D:7      | Reached XP level 8. HP: 56/56 MP: 5/8
  4223 | D:7      | Reached skill level 9 in Axes
  4295 | D:7      | Noticed a fire elemental
  4297 | D:7      | Found a stormy altar of Qazlal.
  4298 | D:7      | Noticed a water elemental
  4298 | D:7      | Noticed an air elemental
  4486 | D:7      | Noticed a hippogriff
  4514 | D:6      | HP: 1/56 [centaur (4)]
  4515 | D:6      | Slain by a hippogriff

Levels and vault maps discovered:
D:1:      matt_arrival_los_fun, layout_loops_ring, chequers_mini_garden,
          tso_altar
D:2:      layout_loops_corners, nicolae_underground_beach
D:3:      cheibrodos_pilgrimage, layout_loops_ring,
          chequers_ecumenical_altar_island, first_ration, grunt_ministairs_10,
          grunt_decor_cap, uniq_ijyb
D:4:      layout_loops_ring, lightli_temple_of_fire, minmay_temple_entry_trees,
          minivault_4
D:5:      layout_gridville, lemuel_doored_altar
D:6:      layout_loops_ring, gammafunk_ghost_cemetery,
          kennysheep_generic_room_16, uniq_prince_ribbit1
D:7:      layout_basic, nicolae_qazlal_style_of_elements, minitemple,
          gup_ossuary_entry_pyramid, serial_shops, nicolae_shop_statue_plus
Temple:   minmay_temple_bridge_abc

Skill      XL: |  1  2  3  4  5  6  7  8 |
---------------+-------------------------+-----
Axes           | 4 5 6 7 8 9 |  9.5
Fighting       | |  2.1
Throwing       | |  2.0
Dodging        | |  2.6

Action                   |  1- 3 |  4- 6 |  7- 9 || total
-------------------------+-------+-------+-------++-------
Melee: War axe           |    98 |   137 |    49 ||   284
       Battleaxe         |       |       |    17 ||    17
 Abil: Dig               |       |       |     2 ||     2
  Use: Scroll            |    10 |     4 |     2 ||    16
       Potion            |       |     1 |     4 ||     5
 Stab: Invisible         |       |       |     6 ||     6
  Eat: Chunk             |     2 |     6 |     4 ||    12
Armor: Leather armour    |    11 |    13 |    13 ||    37
       Ring mail         |    16 |    22 |       ||    38
       Skin              |       |       |    17 ||    17
Dodge: Dodged            |    77 |    76 |    62 ||   215

Table legend:
 A = Non-vault XP
 B = Vault XP
 C = Vault XP percentage of total XP
 D = Non-vault monster count
 E = Vault monster count
 F = Vault count percentage of total count
                 A         B        C        D         E       F
            +---------+---------+-------+---------+---------+-------
      Total |    1173 |     163 |  12.2 |      92 |      10 |   9.8
            +---------+---------+-------+---------+---------+-------
        D:1 |      37 |       0 |   0.0 |      24 |       0 |   0.0
        D:2 |      26 |       0 |   0.0 |      10 |       0 |   0.0
        D:3 |      81 |     163 |  66.8 |      18 |      10 |  35.7
        D:4 |     205 |       0 |   0.0 |      16 |       0 |   0.0
        D:5 |     468 |       0 |   0.0 |      16 |       0 |   0.0
        D:7 |     356 |       0 |   0.0 |       8 |       0 |   0.0
            +---------+---------+-------+---------+---------+-------
